 Dungeon Crawl Stone Soup version 0.25-a0-663-gace7076f2c (webtiles) character file.

Game seed: 9454037308090863006, levelgen mode: deterministic

83 ReteAZ the Ruffian (level 4, -1/38 HPs)
             Began as a Ghoul Gladiator on Mar 25, 2020.
             Slain by a gnoll
             ... wielding a +0 spear
              (3 damage)
             ... on level 2 of the Dungeon.
             The game lasted 00:02:14 (1420 turns).

ReteAZ the Ruffian (Ghoul Gladiator)                Turns: 1420, Time: 00:02:15

Health: -1/38      AC:  4    Str: 17    XL:     4   Next: 44%
Magic:  3/3        EV: 12    Int:  4    God:
Gold:   97         SH:  0    Dex: 10    Spells: 3/3 levels left

rFire    . . .     SeeInvis .     - Unarmed
rCold    + . .     Gourm    .   (no shield)
rNeg     + + +     Faith    .   a - +0 leather armour
rPois    ∞         Spirit   .   b - +0 helmet
rElec    .         Reflect  .   (no cloak)
rCorr    .         Harm     .   (no gloves)
MR       .....                  (no boots)
Stlth    +.........             (no amulet)
HPRegen  0.00/turn              (no ring)
MPRegen  0.08/turn              (no ring)

@: rotting
A: rotting body, claws 1, carnivore, cold resistance 1, negative energy
resistance 3, inhibited regeneration, torment resistance, unbreathing
a: no special abilities


You were on level 2 of the Dungeon.
You were not hungry.

You visited 1 branch of the dungeon, and saw 2 of its levels.

You collected 97 gold pieces.

Inventory:

Missiles
 c - 3 throwing nets (quivered)
Armour
 a - a +0 leather armour (worn)
 b - a +0 helmet (worn)
 h - a +0 chain mail
Scrolls
 f - 2 scrolls of immolation {unknown}
 i - a scroll of magic mapping {unknown}
 j - a scroll of amnesia {unknown}
 k - 3 scrolls of fear {unknown}
 o - a scroll of identify {unknown}
Potions
 e - a potion of haste
 g - a potion of curing {unknown}
 l - a potion of degeneration {unknown}
 m - a potion of experience {unknown}
Comestibles
 d - 5 rations


   Skills:
 + Level 3.0 Fighting
 - Level 2.0 Throwing
 + Level 3.2 Dodging
 * Level 4.5 Unarmed Combat


You had 3 spell levels left.
You didn't know any spells.
Your spell library was empty.

Dungeon Overview and Level Annotations

Branches:
Dungeon (2/15)

Altars:


Innate Abilities, Weirdness & Mutations

Your body is rotting away.
You thrive on raw meat.
You are immune to poison.
You have sharp fingernails.
You are carnivorous and can eat meat at any time.
Your flesh is cold resistant. (rC+)
You are immune to negative energy. (rN+++)
You do not regenerate when monsters are visible.
You are immune to unholy pain and torment.
You can survive without breathing.


Message History

Things that are here:
a +0 spear; a gnoll corpse You scratch the gnoll.
The gnoll is moderately wounded.
The gnoll misses you.
You scratch the gnoll but do no damage.
The gnoll is moderately wounded.
The gnoll hits you but does no damage.
You barely miss the gnoll.
The gnoll is moderately wounded.
The gnoll hits you with a +0 spear!
* * * LOW HITPOINT WARNING * * *
You scratch the gnoll.
The gnoll is severely wounded.
The gnoll hits you with a +0 spear!
* * * LOW HITPOINT WARNING * * *
You scratch the gnoll.
The gnoll is severely wounded.
The gnoll hits you with a +0 spear.
You die...

####### #.....# #################
#.....# #
................###.....#######.#
...............÷.g..............>
###############.@##.....#.####.##
##.##.....#.# .# ### #..#.....#.#
.# ..# ##)#.....#.# .. #.#
#÷#.....#.# ## #.# #.#######.#
#'##### #..# #.# ......# .....
......# ......#


You could see a gnoll.

Vanquished Creatures
  3 adders (D:2)
  3 gnolls (D:2)
  An ooze (D:1)
  2 worms
  A leopard gecko (D:1)
  A giant cockroach (D:1)
  3 goblins
  A hobgoblin (D:1)
  3 bats (D:1)
  A kobold (D:1)
  A rat (D:1)
20 creatures vanquished.

Vanquished Creatures (others)
  A dart slug (D:1)
1 creature vanquished.

Grand Total: 21 creatures vanquished

Notes
Turn   | Place    | Note
-------+----------+-------------------------------------------
     0 | D:1      | ReteAZ the Ghoul Gladiator began the quest for the Orb.
     0 | D:1      | Reached XP level 1. HP: 17/17 MP: 0/0
    86 | D:1      | Reached XP level 2. HP: 7/25 MP: 1/1
  1218 | D:2      | Reached XP level 3. HP: 28/30 MP: 2/2
  1247 | D:2      | Reached skill level 4 in Unarmed Combat
  1320 | D:2      | Reached XP level 4. HP: 20/36 MP: 3/3
  1420 | D:2      | Slain by a gnoll

Levels and vault maps discovered:
D:1:      dpeg_arrival_brainrot, layout_basic, lemuel_flame_loot_1
D:2:      minmay_wonky_spiral, layout_basic, lemuel_doored_altar, first_ration,
          chequers_serial_rivers_small_a, minmay_pentomino_pile

Skill      XL: |  1  2  3  4 |
---------------+-------------+-----
Throwing       | 2 |  2.0
Dodging        | 3 |  3.2
Unarmed Combat | 4 |  4.5
Fighting       | 3 |  3.0

Action                   |  1- 3 |  4- 6 || total
-------------------------+-------+-------++-------
Melee: Unarmed           |    68 |    17 ||    85
       Punch             |     2 |       ||     2
  Eat: Chunk             |     6 |     3 ||     9
Armor: Leather armour    |    17 |     7 ||    24
Dodge: Dodged            |    40 |     7 ||    47

Table legend:
 A = Non-vault XP
 B = Vault XP
 C = Vault XP percentage of total XP
 D = Non-vault monster count
 E = Vault monster count
 F = Vault count percentage of total count
                 A         B        C        D         E       F
            +---------+---------+-------+---------+---------+-------
      Total |     114 |       5 |   4.2 |      19 |       1 |   5.0
            +---------+---------+-------+---------+---------+-------
        D:1 |      23 |       5 |  17.9 |      11 |       1 |   8.3
        D:2 |      91 |       0 |   0.0 |       8 |       0 |   0.0
            +---------+---------+-------+---------+---------+-------
